 Dungeon Crawl Stone Soup version 0.23-a0-449-g8e4cbf7 (webtiles) character file.

12 Amnesiac the Digger (level 2, -18/19 HPs)
             Began as a Demonspawn Earth Elementalist on Nov 22, 2018.
             Killed from afar by a jackal (25 damage)
             ... with an exploding inner flame
             ... hexed by the player character
             ... on level 2 of the Dungeon.
             The game lasted 00:00:43 (234 turns).

Amnesiac the Digger (Demonspawn Earth Elementalist)  Turns: 234, Time: 00:00:44

Health: -18/19     AC:  2    Str:  8    XL:     2   Next: 20%
Magic:  0/5        EV: 12    Int: 16    God:
Gold:   0          SH:  0    Dex: 15    Spells: 4/5 levels left

rFire    . . .     SeeInvis .   (no weapon)
rCold    . . .     Gourm    .   (no shield)
rNeg     . . .     Faith    .   c - +0 robe
rPois    .         Spirit   .   (no helmet)
rElec    .         Reflect  .   (no cloak)
rCorr    .         Harm     .   (no gloves)
MR       .....                  (no boots)
Stlth    ++........             (no amulet)
HPRegen  0.06/turn              (no ring)
MPRegen  0.09/turn              (no ring)

@: no status effects
A: thin skeletal structure 1
a: no special abilities


You were on level 2 of the Dungeon.
You were not hungry.

You visited 1 branch of the dungeon, and saw 2 of its levels.

Inventory:

Missiles
 b - 19 stones (quivered)
Armour
 c - a +0 robe (worn)
Comestibles
 d - a ration


   Skills:
 - Level 1.7 Dodging
 - Level 1.7 Stealth
 + Level 2.2 Spellcasting
   Level 0.8 Transmutations
 * Level 3.2 Earth Magic


You had 4 spell levels left.
You knew the following spells:

 Your Spells              Type           Power        Failure   Level  Hunger
a - Sandblast             Erth           ##....       5%          1    #......

Your spell library contained the following spells:

 Spells                   Type           Power        Failure   Level  Hunger
 Passwall                 Tmut/Erth      #.......     13%         2    ###....
 Stone Arrow              Conj/Erth      #.....       32%         3    ###....
 Petrify                  Tmut/Erth      #.......     65%         4    #####..
 Lee's Rapid Deconstruct  Erth           ##........   83%         5    ######.


Dungeon Overview and Level Annotations

Branches:
Dungeon (2/15)

Altars:
The Shining One

Annotations:
D:2 Jessica


Innate Abilities, Weirdness & Mutations

You have a somewhat thin skeletal structure. (Dex +2, Stealth)


Message History

It was a potion of heal wounds {!q}.
You feel much better. The jackal bites you. The bat misses you.
The jackal barely misses you. x2
The bat barely misses you. The bat hits you but does no damage.
The jackal completely misses you. The bat barely misses you.
The jackal bites you. The bat completely misses you.
The jackal barely misses you. The jackal bites you.
Found a scroll labeled OGEORE WIUPN.
A hobgoblin comes into view. It is wielding a +0 club.
The bat barely misses you.
The hobgoblin moves out of view.
Found a ration.
The bat barely misses you. The bat hits you but does no damage.
The jackal closely misses you. The jackal bites you.
Casting: Sandblast (safe; 6% risk of failure)
Confirm with . or Enter, or press ? or * to list all spells.
Aiming: Sandblast (safe; 6% risk of failure)
Press: ? - help, Shift-Dir - straight line, f - jackal
Aim: a jackal The blast of sand hits the jackal.
You kill the jackal!
You have reached level 2!
Your demonic ancestry asserts itself...
Your bones become slightly less dense.
b - 20 stones The jackal bites you but does no damage.
The jackal bites you.
You aren't carrying any potions.
Really read
e - a scroll labeled MEEH KISIHOC {!r}? [Y]es or [N]o only, please.
Really read
e - a scroll labeled MEEH KISIHOC {!r}?
As you read the scroll labeled MEEH KISIHOC {!r}, it crumbles to dust.
The creatures around you are filled with an inner flame!
It was a scroll of immolation {!r}.
The jackal bites you but does no damage.
Casting: Sandblast (safe; 5% risk of failure)
Confirm with . or Enter, or press ? or * to list all spells.
Aiming: Sandblast (safe; 5% risk of failure)
Press: ? - help, Shift-Dir - straight line, f - jackal
Aim: a jackal (inner flame)
The blast of sand hits the jackal.
The jackal is almost dead.
b - 19 stones The jackal closely misses you.
The jackal bites you.
* * * LOW HITPOINT WARNING * * *
Unknown command.
You aren't carrying any potions.
Really read
a - a scroll labeled POOLUM GY FEDO {!r}?
As you read the scroll labeled POOLUM GY FEDO {!r}, it crumbles to dust.
You feel blessed for a moment.
It was a scroll of remove curse {!r}.
The jackal bites you.
* * * LOW HITPOINT WARNING * * *
You hit the jackal.
The jackal explodes!
The fiery explosion engulfs the jackal.
The jackal explodes!
The fiery explosion engulfs the goblin.
You kill the goblin!
The fiery explosion engulfs the bat.
The bat explodes!
The fiery explosion engulfs you!
Ouch! That really hurt!
You die...

###### #§§§@# ..###
#§#### ..?... #.#
...... #b# ...#.##
#### #g# ##...#...#
.....##.####..#...#..
#.....h...h.........#
#.#........g.......#
#.###.##.#.......#


There were no monsters in sight!

Vanquished Creatures
  A dart slug (D:1)
  A leopard gecko (D:2)
  A goblin (D:2)
  A hobgoblin (D:2)
  2 jackals (D:2)
  A bat (D:2)
  2 rats (D:2)
9 creatures vanquished.

Notes
Turn   | Place    | Note
-------+----------+-------------------------------------------
     0 | D:1      | Amnesiac the Demonspawn Earth Elementalist began the quest
                  | for the Orb.
     0 | D:1      | Reached XP level 1. HP: 13/13 MP: 3/3
   147 | D:2      | Noticed Jessica
   164 | D:2      | Reached skill level 3 in Earth Magic
   179 | D:2      | Found a glowing golden altar of the Shining One.
   226 | D:2      | Gained mutation: You have a somewhat thin skeletal
                  | structure. (Dex +2, Stealth) [demonic ancestry]
   226 | D:2      | Reached XP level 2. HP: 11/19 MP: 0/5
   234 | D:2      | Killed from afar by a jackal

Vault maps used:
D:1:      dpeg_arrival_water_fire
D:2:      old_standard_altar, nrook_loot_triangle, minmay_pentomino_w2,
          uniq_jessica

Skill      XL: |  1 |
---------------+----+-----
Earth Magic    | 3 |  3.2
Dodging        | |  1.7
Stealth        | |  1.7
Spellcasting   | |  2.2
Transmutations | |  0.8

Action                   || total
-------------------------++-------
Melee: Unarmed           ||     1
 Cast: Sandblast         ||    11
  Use: Potion            ||     1
       Scroll            ||     2
Armor: Robe              ||     8
Dodge: Dodged            ||    22

Table legend:
 A = Non-vault XP
 B = Vault XP
 C = Vault XP percentage of total XP
 D = Non-vault monster count
 E = Vault monster count
 F = Vault count percentage of total count
                 A         B        C        D         E       F
            +---------+---------+-------+---------+---------+-------
      Total |      18 |       0 |   0.0 |       9 |       0 |   0.0
            +---------+---------+-------+---------+---------+-------
        D:1 |       4 |       0 |   0.0 |       1 |       0 |   0.0
        D:2 |      14 |       0 |   0.0 |       8 |       0 |   0.0
            +---------+---------+-------+---------+---------+-------
